 Dungeon Crawl Stone Soup version 0.16.1-2-g95b8d4c (webtiles) character file.

151 karlm the Ducker (level 5, -4/50 HPs)
             Began as an Ogre Hunter on Mar 25, 2015.
             Slain by Grinder (9 damage)
             ... while paralysed by Grinder
             ... on level 3 of the Dungeon.
             The game lasted 00:06:55 (2950 turns).

karlm the Ducker (Ogre Hunter)                      Turns: 2950, Time: 00:06:55

Health: -4/50      AC:  3    Str: 17    XL:     5   Next: 33%
Magic:  5/5        EV:  1    Int: 10    God:
Gold:   130        SH:  0    Dex: 11    Spells: 0 memorised, 4 levels left

rFire  . . .     SeeInvis .     p - +0 whip
rCold  . . .     Clarity  .     d - +0 animal skin
rNeg   . . .     SustAb   .     (shield restricted)
rPois  .         Gourm    .     (helmet restricted)
rElec  .         Spirit   .     (no cloak)
rCorr  .         Warding  .     (gloves unavailable)
rMut   .         Stasis   .     (boots unavailable)
MR     .....                    (no amulet)
Stlth  +.........               (no ring)
                                (no ring)

@: paralysed, not resistant to hostile enchantments, very unstealthy
A: unfitting armour, tough skin 1
a: no special abilities


You were on level 3 of the Dungeon.
You were not hungry.

You visited 1 branch of the dungeon, and saw 3 of its levels.

You collected 130 gold pieces.

Inventory:

Hand weapons
 p - a +0 whip (weapon)
Missiles
 c - 2 throwing nets (quivered)
 m - 6 needles of paralysis
 q - 41 stones
Armour
 d - a +0 animal skin (worn)
Jewellery
 a - an uncursed ring of ice {unknown}
 o - an uncursed ring of ice {unknown}
Scrolls
 h - a scroll of noise {unknown}
 i - 2 scrolls of identify
 j - 3 scrolls of remove curse
 l - 5 scrolls of enchant armour {unknown}
 r - a scroll of recharging {unknown}
 t - a scroll of magic mapping {unknown}
Potions
 e - a potion of haste {unknown}
 n - 3 potions of curing {unknown}
 s - a potion of might {unknown}
Comestibles
 f - 2 meat rations
 g - 2 bread rations


   Skills:
 - Level 2.6 Fighting
 + Level 0.0 Maces & Flails
 - Level 4.3 Throwing
 - Level 4.6 Dodging
 - Level 1.4 Stealth


You had 4 spell levels left.
You didn't know any spells.

Dungeon Overview and Level Annotations

Branches:
Dungeon (3/15)

Altars:

Annotations:
D:3 Grinder


Innate Abilities, Weirdness & Mutations

You are too large for most types of armour.
You have tough skin (AC +1).


Message History

* * * LOW HITPOINT WARNING * * *
You hit Grinder but do no damage.
Grinder is severely wounded.
Grinder hits you.
* * * LOW HITPOINT WARNING * * *
You writhe in agony.
* * * LOW HITPOINT WARNING * * *
You barely miss Grinder.
Grinder is severely wounded.
Grinder hits you.
* * * LOW HITPOINT WARNING * * *
You writhe in agony.
* * * LOW HITPOINT WARNING * * *
You are too injured to fight recklessly!
You are too injured to fight recklessly!
You are too injured to fight recklessly!
Grinder gestures at you.
You suddenly lose the ability to move!
Grinder hits you!
You die...

# #. #(.
.###...#############
>..'...(5@.........#
.###...####.....##.#
#.. #.....##.#######
#. +...............
# #..[..##..######
..................
.##.....###.######
#.....# #...#
#.....# #...#


You could see Grinder.

Vanquished Creatures
  The ghost of Rayvis the Skirmisher, a weakling DsFi (D:3)
  An orc priest (D:3)
  3 adders (D:2)
  A worm (D:2)
  An ooze (D:2)
  2 orcs (D:2)
  7 bats
  3 giant cockroaches
  10 hobgoblins
  2 jackals (D:1)
  5 kobolds
  A quokka (D:2)
  2 giant newts
  3 goblins
  3 rats
45 creatures vanquished.

Notes
Turn   | Place    | Note
--------------------------------------------------------------
     0 | D:1      | karlm, the Ogre Hunter, began the quest for the Orb.
     0 | D:1      | Reached XP level 1. HP: 22/22 MP: 1/1
    51 | D:1      | Reached skill level 1 in Stealth
   181 | D:1      | Reached XP level 2. HP: 29/29 MP: 2/2
  1018 | D:1      | Reached XP level 3. HP: 28/36 MP: 3/3
  1599 | D:2      | Reached XP level 4. HP: 37/44 MP: 4/4
  2837 | D:3      | Noticed Rayvis' ghost (weakling DsFi)
  2843 | D:3      | Killed Rayvis' ghost
  2843 | D:3      | Reached XP level 5. HP: 40/50 MP: 5/5
  2939 | D:3      | Noticed Grinder
  2948 | D:3      | Paralysed by Grinder for 5 turns
  2950 | D:3      | Slain by Grinder

Action                   |  1- 3 |  4- 6 || total
-------------------------+-------+-------++-------
Melee: Short sword       |   101 |       ||   101
       Whip              |    18 |    77 ||    95
Throw: Large rock        |    17 |     9 ||    26
  Use: Scroll            |     3 |       ||     3
  Eat: Chunk             |     2 |     5 ||     7
